 Dungeon Crawl Stone Soup version 0.20-a0-303-g575bbf7 (webtiles) character file.

145 FitzyFitz the Skirmisher (level 5, -1/46 HPs)
             Began as a Demonspawn Monk on Dec 16, 2016.
             Slain by Purgy (3 damage)
             ... in a sewer.
             The game lasted 00:07:57 (3409 turns).

FitzyFitz the Skirmisher (Demonspawn Monk)          Turns: 3409, Time: 00:07:58

Health: -1/46      AC:  7    Str:  9 (10) XL:     5   Next: 6%
Magic:  0/5        EV: 13    Int: 10 (11) God:
Gold:   151        SH:  0    Dex: 15 (16) Spells: 4/4 levels left

rFire  . . .     SeeInvis .     a - +0 hand axe
rCold  . . .     Gourm    .     i - +0 robe
rNeg   . . .     Faith    .     (no shield)
rPois  .         Spirit   +     (no helmet)
rElec  .         Reflect  .     p - +2 cloak
rCorr  .         Harm     .     (no gloves)
MR     .....     Clarity  +     (no boots)
Stlth  ++........               (no amulet)
                                (no ring)
                                (no ring)

@: very slightly contaminated
A: thin metallic scales 1, blurry vision 1, clarity, weak 1, magic shield
a: no special abilities


You were in a sewer.
You were hungry.

You visited 1 branch of the dungeon, and saw 3 of its levels.
You also visited: Sewer.

You collected 151 gold pieces.

Inventory:

Hand Weapons
 a - a +0 hand axe (weapon)
 b - a +0 hunting sling
 q - a +1 short sword of electrocution
Missiles
 e - 66 stones (quivered)
 h - 4 tomahawks
Armour
 i - a +0 robe (worn)
 p - a +2 cloak (worn)
Scrolls
 k - a scroll of fear {unknown}
 n - 3 scrolls of teleportation
Potions
 d - a potion of brilliance
Comestibles
 c - 3 bread rations
 j - a royal jelly
 m - 3 fruits
 s - a chunk of flesh


   Skills:
 + Level 5.8 Fighting
 - Level 2.6 Axes
 - Level 2.6 Dodging
 - Level 1.7 Stealth


You had 4 spell levels left.
You didn't know any spells.

Dungeon Overview and Level Annotations

Branches:
Dungeon (3/15)

Altars:
Zin

Annotations:
Sewer Purgy


Innate Abilities, Weirdness & Mutations

You are partially covered in thin metallic scales. (AC +2)
When hurt, damage is shared between your health and your magic reserves.
Scrolls take you a little longer to read.
You possess an exceptional clarity of mind.
You are weak. (Str -2)


Message History

Purgy is almost dead.
Purgy barely misses you. Purgy claws you but does no damage.
Purgy completely misses you.
You hit Purgy but do no damage.
Purgy is almost dead.
Purgy closely misses you. Purgy claws you but does no damage. x2
You hit Purgy.
Purgy is almost dead.
Purgy misses you. Purgy closely misses you. x2
You barely miss Purgy.
Purgy is almost dead.
Purgy misses you. Purgy barely misses you. Purgy claws you.
* * * LOW HITPOINT WARNING * * *
You closely miss Purgy.
Purgy is almost dead.
Purgy misses you. Purgy closely misses you. Purgy claws you but does no damage.
You closely miss Purgy.
Purgy is almost dead.
Purgy bites you.
You die...

#####################
#.##[##.##∩##.##.##.#
#.##.##.##.##.##.##.#
#'##'##'##@##'##'##'#
#######.........T.........######
≈≈≈≈≈≈#≈≈≈≈≈≈≈≈≈.≈≈≈≈≈≈≈≈≈#≈≈≈≈≈≈
≈≈≈≈≈≈#≈≈≈≈≈≈≈≈≈(≈≈≈≈≈≈≈≈≈#≈≈≈≈≈≈
≈≈≈≈≈≈#≈≈≈≈≈≈≈≈(.≈≈≈≈≈≈≈≈≈#≈≈≈≈≈≈
######.......(........÷..#######
#'##)##(##'##'##'##'#
#.##.##.##.##.##)##.#
#.##.##?##.##.##.##!#


You could see Purgy.

Vanquished Creatures
  5 adders
  2 oozes
  A dart slug (D:1)
  A worm (D:2)
  2 leopard geckos
  5 orcs (D:3)
  9 bats
  3 giant cockroaches
  9 hobgoblins
  8 jackals
  7 frilled lizards
  9 goblins
  9 kobolds
  7 rats
77 creatures vanquished.

Notes
Turn   | Place    | Note
-------+----------+-------------------------------------------
     0 | D:1      | FitzyFitz the Demonspawn Monk began the quest for the Orb.
     0 | D:1      | Reached XP level 1. HP: 18/18 MP: 1/1
   292 | D:1      | Gained mutation: When hurt, damage is shared between your health and your magic reserves. [demonic ancestry]
   292 | D:1      | Reached XP level 2. HP: 22/24 MP: 2/2
   743 | D:1      | Reached skill level 4 in Fighting
   970 | D:1      | Reached XP level 3. HP: 30/30 MP: 3/3
  1575 | D:2      | Found a glowing silver altar of Zin.
  2111 | D:2      | Reached skill level 5 in Fighting
  2111 | D:2      | Gained mutation: You are partially covered in thin metallic scales. (AC +2) [demonic ancestry]
  2111 | D:2      | Reached XP level 4. HP: 39/39 MP: 4/4
  3086 | D:3      | Reached XP level 5. HP: 36/46 MP: 5/5
  3124 | D:3      | Found a glowing drain.
  3144 | Sewer    | Entered a sewer
  3302 | Sewer    | Noticed Purgy
  3335 | Sewer    | Gained mutation: You are weak. (Str -2) [potion of mutation]
  3335 | Sewer    | Gained mutation: You possess an exceptional clarity of mind. [potion of mutation]
  3335 | Sewer    | Gained mutation: Scrolls take you a little longer to read. [potion of mutation]
  3393 | Sewer    | HP: 1/46 [Purgy (5)]
  3407 | Sewer    | HP: 1/46 [Purgy (2)]
  3409 | Sewer    | Slain by Purgy

Vault maps used:
D:1:      tarquinn_simple_flora_water_f, roderic_whirl, minmay_surrounded
D:2:      zin_statuary
D:3:      overflow_temple_1_default, portal_sewer_entry_a,
          trog_three_pillars_becter, uniq_iyjb
Sewer:    kennysheep_door_sewer

Skill      XL: |  1  2  3 |
---------------+----------+-----
Fighting       | 4 5 |  5.8
Axes           | |  2.6
Dodging        | |  2.6
Stealth        | |  1.7

Action                   |  1- 3 |  4- 6 || total
-------------------------+-------+-------++-------
Melee: Hand axe          |   155 |   195 ||   350
 Fire: Hunting sling     |     4 |    11 ||    15
  Use: Scroll            |     1 |     6 ||     7
       Potion            |       |     6 ||     6
 Stab: Sleeping          |       |     4 ||     4
  Eat: Chunk             |     4 |     4 ||     8
Armor: Robe              |    47 |    95 ||   142
Dodge: Dodged            |   150 |   242 ||   392
